 Seeded DCSS version 0.30-a0-719-gcc4359ea44 (webtiles) character file.

Game seed: 5430720872467839093 (custom seed)

135 OTABOTABOTAB the Caller (level 5, 0/31 HPs)
             Began as an Octopode Summoner on Jan 26, 2023.
             Slain by a ball python (1 damage)
             ... on level 3 of the Dungeon.
             The game lasted 00:07:54 (2752 turns).

OTABOTABOTAB the Caller (Octopode Summoner)         Turns: 2752, Time: 00:07:54

Health: 0/31       AC:  1    Str: 13    XL:     5   Next: 18%
Magic:  10/10      EV: 10    Int: 19    God:
Gold:   2204       SH:  0    Dex: 13    Spells: 8/11 levels left

rFire   . . .      SeeInvis .    a - +0 dagger
rCold   . . .      Faith    .    (no shield)
rNeg    . . .      Spirit   .    (helmet restricted)
rPois   .          Reflect  .    (no amulet)
rElec   .          Harm     .    k - +6 ring of strength
rCorr   .          Rampage  .    (no ring)
Will    .....                    (no ring)
Stlth   ++                       (no ring)
HPRegen 0.25/turn                (no ring)
MPRegen 0.12/turn                (no ring)
                                 (no ring)
                                 (no ring)

@: confused, constricted
A: almost no armour, amphibious, 8 rings, camouflage 1, gelatinous body 1,
(nimble swimmer 1), tentacles
a: no special abilities


You were on level 3 of the Dungeon.
You visited 1 branch of the dungeon, and saw 3 of its levels.

You collected 2204 gold pieces.

Inventory:

Hand Weapons
 a - a +0 dagger (weapon)
   (You took it off a kobold on level 1 of the Dungeon)
Missiles
 s - 19 stones
Jewellery
 k - a +6 ring of strength (left tentacle)
   (You found it on level 1 of the Dungeon)
 C - a ring of protection from cold {rC+, !d}
   (You found it on level 2 of the Dungeon)
 F - a ring of protection from fire {rF+, !d}
   (You acquired it on level 2 of the Dungeon)
Scrolls
 b - a scroll of brand weapon {unknown}
 d - a scroll of torment {unknown}
 e - 3 scrolls of amnesia {unknown}
 f - a scroll of identify {unknown}
 g - a scroll of teleportation {unknown}
 j - a scroll of noise {unknown}
 m - a scroll of fog {unknown}
 n - a scroll of enchant armour {unknown}
 o - a scroll of immolation {unknown}
Potions
 c - a potion of mutation {unknown}
 h - a potion of attraction {unknown}
 i - 2 potions of curing {unknown}
 M - a potion of magic


   Skills:
 - Level 2.0 Dodging
 - Level 2.6 Stealth
 + Level 3.6 Spellcasting
 + Level 5.2 Summonings


You had 8 spell levels left.
You knew the following spells:

 Your Spells              Type           Power      Damage    Failure   Level
a - Summon Small Mammal   Summ           92%        N/A       1%          1
c - Call Imp              Summ           23%        N/A       2%          2

Your spell library contained the following spells:

 Spells                   Type           Power      Damage    Failure   Level
 Call Canine Familiar     Summ           23%        N/A       4%          3
 Summon Guardian Golem    Hex/Summ       13%        N/A       14%         3
 Summon Lightning Spire   Summ/Air       13%        N/A       43%         4
 Cause Fear               Hex            1%         N/A       82%         4
 Dragon Form              Tmut           1%         N/A       100%        7
 Dragon's Call            Summ           11%        N/A       100%        9


Dungeon Overview and Level Annotations

Branches:
Dungeon (3/15)

Altars:

Shops:
D:2 ?


Innate Abilities, Weirdness & Mutations

You cannot wear most types of armour.
You are amphibious.
You can wear up to eight rings at the same time.
Your skin changes colour to match your surroundings (Stealth+).
Your rubbery body absorbs attacks. (AC +1, EV +1)
((You are camouflaged when in or above water. (Stealth+)))
You have tentacles for arms and can constrict up to eight enemies at once.


Message History

There is a stone staircase leading down here.
Okay, then.
This is a scroll of acquirement!
Something appears before you!
You now have enough gold to buy a scroll of blinking on this level.
You now have 910 gold pieces (gained 841).
Something appears before you!
F - a ring of protection from fire {rF+, !d} Something appears before you!
You now have 2204 gold pieces (gained 1294).
You see here a book of the Dragon.
Something appears before you!
You pick up a book of the Dragon and begin reading...
You add the spells Cause Fear, Dragon Form and Dragon's Call to your library.
Done exploring.
Done exploring.
Done exploring.
Done exploring.
Done exploring.
Done exploring.
Done exploring.
Okay, then.
Okay, then.
Done exploring.
Okay, then.
Done exploring.
Done exploring.
(D) Dungeon
Where to? (Enter - D:3, ? - help)
You climb downwards.
The hobgoblin hits you. The hobgoblin completely misses you.
The orc closely misses you.
There is a stone staircase leading up here.
You take 2 damage, and have 29/31 hp.
The hobgoblin closely misses you. x2; The orc closely misses you.
You climb upwards.
There is a stone staircase leading down here.
A beastly little devil appears in a puff of flame.
The orc hits you with a +0 club. The hobgoblin barely misses you.
You take 3 damage, and have 27/31 hp.
You now have 8/10 mp.
Nothing appears to happen.
The orc misses you. The hobgoblin hits you.
Your crimson imp closely misses the orc.
You take 2 damage, and have 25/31 hp.
You now have 7/10 mp.
Nothing appears to happen.
The orc hits you with a +0 club. The hobgoblin completely misses you.
Your crimson imp hits the orc.
You take 5 damage, and have 20/31 hp.
You now have 6/10 mp.
You hit the hobgoblin but do no damage. Your grab misses the hobgoblin.
The orc hits you with a +0 club. The hobgoblin hits you.
Your crimson imp hits the orc.
The orc dies!
You take 3 damage, and have 17/31 hp.
You barely miss the hobgoblin. You grab the hobgoblin.
You squeeze the hobgoblin.
You kill the hobgoblin!
You hit the hobgoblin. You grab the hobgoblin. You constrict the hobgoblin.
The hobgoblin misses you.
You hit the hobgoblin. You constrict the hobgoblin.
You kill the hobgoblin!
You start resting.
Your crimson imp blinks! x2
Health restored: 31; MP restored: 10 You climb downwards.
Your summoned ally is left behind.
The orc shouts!
The ball python misses you. The ball python grabs you.
The ball python constricts you. The ball python barely misses you.
The ball python constricts you.
The orc priest mumbles some strange prayers to Beogh against you.
Beogh smites you!
There is a stone staircase leading up here.
You take 12 damage, and have 19/31 hp.
MASSIVE DAMAGE!!
You escape the ball python's grasp.
The orc wizard gestures at you while chanting.
You are confused.
In your confused state, you trip and fall back down the stairs.
The ball python bites you but does no damage.
The ball python grabs you. The ball python constricts you.
You escape the ball python's grasp.
The ball python misses you. The ball python closely misses you.
The orc wizard closely misses you. The orc priest hits you with a +0 club.
The orc barely misses you.
In your confused state, you trip and fall back down the stairs.
The ball python bites you.
* * * LOW HITPOINT WARNING * * *
The ball python barely misses you.
The orc wizard hits you with a +0 dagger.
* * * LOW HITPOINT WARNING * * *
The orc priest hits you with a +0 club.
* * * LOW HITPOINT WARNING * * *
The orc barely misses you.
You take 14 damage, and have 5/31 hp.
MASSIVE DAMAGE!!
The ball python barely misses you. The ball python grabs you.
You stop ascending the stairs.
The ball python constricts you.
* * * LOW HITPOINT WARNING * * *
The orc wizard hits you with a +0 dagger.
* * * LOW HITPOINT WARNING * * *
The ball python bites you.
You die...

##........>.
##...........
###............
..............
#.........$..
#...........!
#.....o....#
#..>@o.../#
#..Soo..).#
#....!.....#
#.<........#
#..........#
............#
###........(..#
##.......<...


You could see an orc priest, an orc wizard, 2 orcs and a ball python.

Vanquished Creatures
  A gnoll (D:2)
  An adder (D:2)
  A goblin (D:2)
  2 hobgoblins (D:2)
  A kobold (D:1)
6 creatures vanquished.

Vanquished Creatures (collateral kills)
  A necrophage (D:2)
  2 gnolls (D:2)
  An orc (D:2)
  3 bats
  5 endoplasms
  2 hobgoblins
  4 jackals (D:1)
  4 kobolds
  2 quokkas (D:1)
  2 ball pythons (D:1)
  A frilled lizard (D:2)
  3 goblins
  A rat (D:1)
31 creatures vanquished.

Grand Total: 37 creatures vanquished

Notes
Turn   | Place    | Note
-------+----------+-------------------------------------------
     0 | D:1      | OTABOTABOTAB the Octopode Summoner began the quest for the
                  | Orb.
     0 | D:1      | Reached XP level 1. HP: 11/11 MP: 3/3
   193 | D:1      | Reached XP level 2. HP: 17/17 MP: 3/5
   196 | D:1      | Learned a level 2 spell: Call Imp
  1367 | D:1      | Reached XP level 3. HP: 21/21 MP: 1/6
  1619 | D:2      | Found Doddoiw's Magic Scroll Shoppe.
  1720 | D:2      | Noticed a necrophage
  1766 | D:2      | HP: 3/19 [necrophage (3)]
  1780 | D:2      | Killed a necrophage
  1781 | D:2      | Reached skill level 3 in Spellcasting
  1781 | D:2      | Reached XP level 4. HP: 9/27 MP: 0/8
  1875 | D:2      | Reached skill level 5 in Summonings
  2139 | D:2      | Reached XP level 5. HP: 16/31 MP: 1/10
  2676 | D:2      | Identified 4 scrolls of acquirement
  2676 | D:2      | Acquired 841 gold pieces
  2678 | D:2      | Acquired a ring of protection from fire
  2680 | D:2      | Acquired 1294 gold pieces
  2682 | D:2      | Acquired a book of the Dragon
  2751 | D:3      | HP: 5/31 [orc priest/+0 club (3)]
  2752 | D:3      | HP: 1/31 [orc wizard/+0 dagger (3)]
  2752 | D:3      | Slain by a ball python

Illustrated notes

Levels and vault maps discovered:
D:1:      dpeg_arrival_boxes_within_box, layout_basic
D:2:      layout_loops_ring, serial_shops, shop, nicolae_kite_square_tiling_tiny
D:3:      layout_rooms, okawaru_metal_pillars_3, ebering_ecumenical_altar_rust

Skill      XL: |  1  2  3  4 |
---------------+-------------+-----
Spellcasting   | 3 |  3.6
Summonings     | 5 |  5.2
Dodging        | |  2.0
Stealth        | |  2.6

Action                     |  1- 3 |  4- 6 || total
---------------------------+-------+-------++-------
  Melee: Dagger            |     1 |     7 ||     8
         Constrict         |     1 |     3 ||     4
         Unarmed           |     1 |       ||     1
         Tentacles         |       |     3 ||     3
   Cast: Summon Small Mamm |    35 |    22 ||    57
         Call Imp          |    17 |    12 ||    29
    Use: Scroll            |       |     4 ||     4
 Armour: Skin              |       |     2 ||     2
  Dodge: Dodged            |     1 |    26 ||    27

Table legend: (Time is in decaauts)
 A = Elapsed time spent in this place.
 B = Non-inter-level travel time spent in this place.
 C = Inter-level travel time spent in this place.
 D = Time resting spent in this place.
 E = Time spent auto-exploring this place.
 F = Levels seen in this place.
 G = Mean time per level.
                   A        B        C        D        E       F      G
               +--------+--------+--------+--------+--------+-----+--------+
         Total |   2752 |   2635 |    117 |    107 |   2056 |   3 |  917.3 |
       Dungeon |   2752 |   2635 |    117 |    107 |   2056 |   3 |  917.3 |
               +--------+--------+--------+--------+--------+-----+--------+

Top non-repeatable levels by time:
     D:1: 1489 daAuts
     D:2: 1253 daAuts
     D:3: 9 daAuts

Table legend:
 A = Kills in this place as a percentage of kills in entire the game.
 B = Kills by you in this place as a percentage of kills by you in the entire game.
 C = Kills by friends in this place as a percentage of kills by friends in the entire game.
 D = Other kills in this place as a percentage of other kills in the entire game.
 E = Experience gained in this place as a percentage of experience gained in the entire game.
 F = Experience gained in this place divided by the number of levels of this place that you have seen.
                   A       B       C       D       E      F
               +-------+-------+-------+-------+-------+----------------------
         Total | 100.0 | 100.0 | 100.0 |   N/A | 100.0 |  64.7
       Dungeon | 100.0 | 100.0 | 100.0 |   N/A | 100.0 |  64.7
               +-------+-------+-------+-------+-------+----------------------
